 Dungeon Crawl Stone Soup version 0.29.1-15-g9cfb28693d (console) character file.

Game seed: 9327435384681209321

8 Goreval the Grasshopper (level 2, 26/26 HPs)
             Began as a Gnoll Warper on Feb 24, 2023.
             Was an Initiate of Ru.
             Got out of the dungeon alive.
             The game lasted 00:01:46 (265 turns).

Goreval the Grasshopper (Gnoll Warper)               Turns: 265, Time: 00:01:46

Health: 26/26      AC:  3    Str: 10    XL:     2   Next: 8%
Magic:  7/7        EV: 12    Int: 12    God:    Ru [......]
Gold:   0          SH:  0    Dex: 11    Spells: 10/10 levels left

rFire   . . .      SeeInvis .   a - +0 spear
rCold   . . .      Faith    .   (no shield)
rNeg    . . .      Spirit   .   b - +0 leather armour
rPois   .          Reflect  .   (no helmet)
rElec   .          Harm     .   (no cloak)
rCorr   .          Rampage  .   (no gloves)
Will    .....                   (no boots)
Stlth   +.........              (no amulet)
HPRegen 0.08/turn               (no ring)
MPRegen 0.10/turn               (no ring)

@: no status effects
A: fangs 1, strong nose, distributed training
a: Renounce Religion, Sacrifice Skill, Sacrifice Words, Sacrifice Artifice,
Reject Sacrifices


You escaped.
You worshipped Ru.
Ru was noncommittal.
You visited 1 branch of the dungeon, and saw 1 of its levels.

Inventory:

Hand Weapons
 a - a +0 spear (weapon)
Missiles
 d - 7 boomerangs of dispersal
 e - 5 stones (quivered)
Armour
 b - a +0 leather armour (worn)
Scrolls
 c - a scroll of blinking
 f - 2 scrolls of teleportation {unknown}


   Skills:
 + Level 4.4 Fighting
 + Level 0.3 Short Blades
 + Level 0.3 Long Blades
 + Level 0.3 Axes
 + Level 0.3 Maces & Flails
 + Level 4.4 Polearms
 + Level 0.3 Staves
 + Level 0.3 Ranged Weapons
 + Level 2.4 Throwing
 + Level 2.4 Armour
 + Level 4.4 Dodging
 + Level 0.3 Stealth
 + Level 0.3 Shields
 + Level 0.3 Unarmed Combat
 + Level 4.9 Spellcasting
 + Level 0.2 Conjurations
 + Level 0.2 Hexes
 + Level 0.2 Summonings
 + Level 0.2 Necromancy
 + Level 5.3 Translocations
 + Level 0.2 Transmutations
 + Level 0.2 Fire Magic
 + Level 0.2 Ice Magic
 + Level 0.2 Air Magic
 + Level 0.2 Earth Magic
 + Level 0.2 Poison Magic
 + Level 0.4 Invocations
 + Level 0.3 Evocations


You had 10 spell levels left.
You didn't know any spells.
Your spell library contained the following spells:

 Spells                   Type           Power      Damage    Failure   Level
 Blink                    Tloc           30%        N/A       4%          2
 Gell's Gravitas          Tloc           15%        N/A       9%          3
 Lesser Beckoning         Tloc           15%        N/A       9%          3
 Teleport Other           Tloc           15%        N/A       9%          3
 Manifold Assault         Tloc           15%        N/A       63%         5


Dungeon Overview and Level Annotations

Branches:
Dungeon (1/15) Zot: 5738

Altars:
Ru


Innate Abilities, Weirdness & Mutations

You have very sharp teeth.
Your uncanny sense of smell can sniff out nearby items.
Your experience applies equally to all skills.


Message History

You hit the kobold but do no damage. The kobold barely misses you.
You hit the kobold.
You kill the kobold!
Failed to move towards target.
Failed to move towards target.
Failed to move towards target.
Failed to move towards target.
Failed to move towards target.
Failed to move towards target.
Failed to move towards target.
Failed to move towards target.
Failed to move towards target.
Failed to move towards target.
Failed to move towards target.
Failed to move towards target.
Things that are here:
a +0 club; a kobold corpse
f - a scroll labelled PYDDIB ANIFUR
Found a scale mail.
There is a faded altar of an unknown god here.
You cannot tell which god this altar belongs to.
Convert to them anyway?
Okay, then.
You cannot tell which god this altar belongs to.
Convert to them anyway?
Ru accepts your prayer! Ru welcomes you!
Okay, then.
f - 2 scrolls labelled PYDDIB ANIFUR (gained 1) Ru believes you are ready to make a new sacrifice.
Okay, then.
There is a staircase leading out of the dungeon here.
Are you sure you want to leave the Dungeon?
This will make you lose the game! [Y]es or [N]o only, please.
Are you sure you want to leave the Dungeon?
This will make you lose the game!
Alright, then stay!
You can't go down here!
Unknown command.
There is a staircase leading out of the dungeon here.
There is a staircase leading out of the dungeon here.
Are you sure you want to leave the Dungeon?
This will make you lose the game!
You have escaped!

#.. #........ #... #.......
#...##.....# ... ..........# ...#
..........####...# ..........#......#
...##...###......# ...##.#.......... ..
∆ .............### ...
........[....######..##
###.....#........!#.....# #####
#.................#......### #...####
#......###...###..##.......####.....##
#......#G#...#G#..# #.......###.....##
#......###...###.## ####............#
#...##...........# ###...##..#.......#
#.....)...._.....####...#....######...#
#....#†..........#....######## ####..#
#......###...###....### ###(....#
##.....#G#...#G#....# ####.......#
#.....###...###...## ##.........##
####.............## ####..........#
#######........#...# ####............##
#>......##...##....###...............#
#............##...###....@....#......#
#............##...##........##......##
#.................##...#..###.......#
######....####....###..##..#...##..##
#.............##################
#########..................
#...................#.####.
#.#######...........#.#.... #.#
#...............#....... #.#
#....#.........##...#... #.#
#..............##.#.#... #.#
#..............'......#. #.#
#......#.......#........ #.#
#####.....######.....#.. ##.####
######.# #.....# #.....# #....#.#
#.....# #####.# #.##.#.######.....# #.#
#.##.#.#.....###.## #.# #....#.#.###.#
.# #.####...#.#.# #.# ##
#........#.#.###.# ######)###.......#
#.......##### #######.# ###


There were no monsters in sight!

Vanquished Creatures
  A hobgoblin (D:1)
  A ball python (D:1)
  3 bats (D:1)
  A goblin (D:1)
  A kobold (D:1)
  2 rats (D:1)
9 creatures vanquished.

Notes
Turn   | Place    | Note
-------+----------+-------------------------------------------
     0 | D:1      | Goreval the Gnoll Warper began the quest for the Orb.
     0 | D:1      | Reached XP level 1. HP: 20/20 MP: 6/6
    48 | D:1      | Found a faded altar of an unknown god.
    48 | D:1      | Noticed a golden eye
   160 | D:1      | Noticed a great orb of eyes
   169 | D:1      | Noticed a floating eye
   169 | D:1      | Noticed an eye of devastation
   175 | D:1      | Reached XP level 2. HP: 26/26 MP: 7/7
   202 | D:1      | Prayed at the altar of an unknown god.
   202 | D:1      | Became a worshipper of Ru the Awakened
   265 | D:$      | Got out of the dungeon alive.

Illustrated notes

Levels and vault maps discovered:
D:1:      dpeg_arrival_arbitrary_a, layout_basic, serial_shops,
          nicolae_shop_trees, hellmonk_ecumenical_altar_watching_god,
          grunt_decor_mini_mirrors, chequers_serial_rivers_room_b

Action                   || total
-------------------------++-------
Melee: Spear             ||    29
       Bite              ||     1
Armor: Leather armour    ||     5
Dodge: Dodged            ||    13
